 Dungeon Crawl Stone Soup version 0.28.0-49-g6dfe1f597d (webtiles) character file.

Game seed: 15326869103005812325

76 Zeld the Gusty (level 4, -6/26 HPs)
             Began as a Tengu Air Elementalist on May 18, 2022.
             Mangled by a bullfrog (8 damage)
             ... on level 3 of the Dungeon.
             The game lasted 00:02:15 (2183 turns).

Zeld the Gusty (Tengu Air Elementalist)             Turns: 2183, Time: 00:02:16

Health: -6/26      AC:  2    Str:  8    XL:     4   Next: 32%
Magic:  4/9        EV: 12    Int: 17    God:
Gold:   48         SH:  0    Dex: 15    Spells: 2/8 levels left

rFire   . . .      SeeInvis .   (no weapon)
rCold   . . .      Faith    .   (no shield)
rNeg    . . .      Spirit   .   a - +0 robe
rPois   .          Reflect  .   (helmet restricted)
rElec   .          Harm     .   (no cloak)
rCorr   .          Rampage  .   (no gloves)
Will    .....                   (boots unavailable)
Stlth   ++........              (no amulet)
HPRegen 0.08/turn               (no ring)
MPRegen 0.11/turn               (no ring)

@: swift, very quick
A: beak, talons 3
a: no special abilities


You were on level 3 of the Dungeon.
You visited 1 branch of the dungeon, and saw 3 of its levels.

You collected 48 gold pieces.

Inventory:

Armour
 a - a +0 robe (worn)
Scrolls
 b - 2 scrolls of identify {unknown}
 d - a scroll of fog {unknown}
 e - 3 scrolls of magic mapping {unknown}
 f - 2 scrolls of acquirement {unknown}
Potions
 c - 3 potions of attraction {unknown}
 g - a potion of might {unknown}


   Skills:
 * Level 1.8 Fighting
 - Level 2.1 Dodging
 + Level 2.4 Stealth
 * Level 2.6 Spellcasting
 - Level 2.0 Conjurations
 * Level 4.8 Air Magic


You had 2 spell levels left.
You knew the following spells:

 Your Spells              Type           Power      Damage    Failure   Level
a - Shock                 Conj/Air       52%        1d6       4%          1
b - Static Discharge      Conj/Air       13%        N/A       7%          2
c - Swiftness             Air            18%        N/A       8%          3

Your spell library contained the following spells:

 Spells                   Type           Power      Damage    Failure   Level
 Airstrike                Air            9%         N/A       24%         4
 Fulminant Prism          Conj/Hex       2%         3d6       75%         4
 Iskenderun's Mystic Bla  Conj/Tloc      5%         2d3       75%         4
 Lee's Rapid Deconstruct  Erth           1%         3d5*      99%         5


Dungeon Overview and Level Annotations

Branches:
Dungeon (2/15)

Altars:


Innate Abilities, Weirdness & Mutations

You have a beak for a mouth.
You have claws for feet.


Message History

Aim: an orc, wielding a +0 flail and wearing a +0 chain mail (severely wounded, 77% to hit)
The zap hits the orc but does no damage.
The orc is severely wounded.
The orc shouts!
Your magical contamination has completely faded away.
Casting: Shock (safe; 4% risk of failure)
Confirm with . or Enter, or press ? or * to list all spells.
Aiming: Shock (safe; 4% risk of failure)
Press: ? - help, Shift-Dir - straight line, f/p - orc
Aim: an orc, wielding a +0 flail and wearing a +0 chain mail (severely wounded, 77% to hit)
The zap hits the orc.
The orc is almost dead.
Unknown command.
The orc priest begins to cast a cantrip, but forgets the words!
A worm comes into view.
A bullfrog comes into view.
The bullfrog gives a loud, deep croak!
The orc hits you with a +0 flail! The orc hits you with a +0 flail.
The orc priest mumbles some strange prayers to Beogh against you.
Beogh smites you!
* * * LOW HITPOINT WARNING * * *
The orc closely misses you. The bullfrog hits you.
* * * LOW HITPOINT WARNING * * *
The bullfrog closely misses you.
The orc priest begins to cast a cantrip, but forgets the words!
The bullfrog closely misses you.
There is a stone staircase leading down here.
Casting: Shock (safe; 4% risk of failure)
Confirm with . or Enter, or press ? or * to list all spells.
The spell is quite dangerous to miscast (8% risk of failure)!
Continue anyway? [Y]es or [N]o only, please.
The spell is quite dangerous to miscast (8% risk of failure)!
Continue anyway? [Y]es or [N]o only, please.
The spell is quite dangerous to miscast (8% risk of failure)!
Continue anyway?
You feel quick.
The orc priest begins to cast a cantrip, but forgets the words!
The bullfrog hits you!
You die...

###......# #....#.#.#.#
#o####.#.#.# #.# #.#.#.#
#.# #.#.#.#### #o#
#........# #.#
###......###
######.#####.........#.
.........ow....F@.....'.
..............oo......##
.............†........#
......................#
#######...............#
#...............#
#######.........#
###########


You could see a bullfrog, a worm, an orc priest and 2 orcs.

Vanquished Creatures
  Jessica (D:2)
  2 adders (D:2)
  A dart slug (D:2)
  2 ball pythons (D:1)
  3 bats (D:1)
  2 endoplasms
  2 giant cockroaches (D:2)
  6 hobgoblins
  3 jackals (D:2)
  A quokka (D:1)
  2 frilled lizards
  A goblin (D:2)
  A kobold (D:2)
  3 rats
30 creatures vanquished.

Notes
Turn   | Place    | Note
-------+----------+-------------------------------------------
     0 | D:1      | Zeld the Tengu Air Elementalist began the quest for the
                  | Orb.
     0 | D:1      | Reached XP level 1. HP: 10/10 MP: 4/4
   317 | D:1      | Reached XP level 2. HP: 16/16 MP: 3/6
   921 | D:2      | Learned a level 2 spell: Static Discharge
  1085 | D:2      | Found a faded altar of an unknown god.
  1236 | D:2      | Reached skill level 1 in Fighting
  1369 | D:2      | Reached XP level 3. HP: 10/20 MP: 2/7
  1373 | D:2      | Learned a level 3 spell: Swiftness
  1600 | D:2      | Noticed Jessica
  1603 | D:2      | Killed Jessica
  1608 | D:2      | Reached XP level 4. HP: 17/25 MP: 0/8
  2069 | D:2      | You fall into a shaft and drop 1 floor!
  2171 | D:3      | Noticed a bullfrog
  2183 | D:3      | Mangled by a bullfrog

Illustrated notes

Levels and vault maps discovered:
D:1:      nzn_arrival_crosshair, layout_basic, bh_walls_and_bars
D:2:      layout_basic, hellmonk_ecumenical_altar_arch_garden, uniq_jessica
D:3:      layout_basic, mainiacjoe_overflow_paths

Skill      XL: |  1  2  3 |
---------------+----------+-----
Fighting       | 1 |  1.8
Conjurations   | 2 |  2.0
Dodging        | |  2.1
Stealth        | |  2.4
Spellcasting   | |  2.6
Air Magic      | |  4.8

Action                   |  1- 3 |  4- 6 || total
-------------------------+-------+-------++-------
Melee: Unarmed           |       |    10 ||    10
       Kick              |       |     5 ||     5
 Cast: Shock             |    43 |    26 ||    69
       Static Discharge  |     3 |     2 ||     5
       Swiftness         |       |     1 ||     1
Armor: Robe              |     2 |     1 ||     3
Dodge: Dodged            |     5 |     9 ||    14
